 Dungeon Sprint DCSS version 0.28.0-53-g5a82cb258f (webtiles) character file.

Game seed: 12865778673700338535

253 Zeld the Changer (level 5, 0/60 HPs)
             Began as a Draconian Transmuter on June 5, 2022.
             Slain by a jelly (1 damage)
             ... in the Dungeon (Sprint I: "Red Sonja").
             The game lasted 00:00:58 (804 turns).

Zeld the Changer (Draconian Transmuter)              Turns: 804, Time: 00:00:59

Health: 0/60       AC:  0    Str: 14    XL:     5   Next: 90%
Magic:  10/14      EV: 10    Int: 14    God:
Gold:   162        SH:  0    Dex: 11    Spells: 8/18 levels left

rFire   x . .      SeeInvis .     - Unarmed
rCold   + + +      Faith    .   (shield currently unavailable)
rNeg    . . .      Spirit   .   (armour unavailable)
rPois   +          Reflect  .   (helmet currently unavailable)
rElec   .          Harm     .   (cloak currently unavailable)
rCorr   .          Rampage  .   (gloves currently unavailable)
Will    .....      NoTele   +   (boots currently unavailable)
Stlth   +.........              (no amulet)
HPRegen 0.20/turn               (no ring)
MPRegen 0.14/turn               (no ring)

@: ice-form, corroded
A: freezing attack, amphibious, boosted hp, AC +5, large, unfitting armour,
(cold-blooded)
a: End Transformation


You were in the Dungeon.
You were a creature of crystalline ice.
You visited 1 branch You collected 162 gold pieces.

Inventory:

Wands
 e - a wand of iceblast (7)
 g - a wand of polymorph (13)
Potions
 a - a potion of curing
 b - a potion of heal wounds
 c - a potion of haste
 d - 2 potions of magic


   Skills:
 + Level 5.6 Fighting
 - Level 1.7 Dodging
 - Level 3.0 Unarmed Combat
 * Level 7.0 Spellcasting
 * Level 7.9 Transmutations
 - Level 2.0 Ice Magic
 - Level 2.0 Poison Magic


You had 8 spell levels left.
You knew the following spells:

 Your Spells              Type           Power      Damage    Failure   Level
a - Beastly Appendage     Tmut           54%        N/A       1%          1
b - Wereblood             Tmut           27%        N/A       1%          2
c - Spider Form           Tmut/Pois      18%        N/A       5%          3
d - Ice Form              Ice/Tmut       18%        N/A       19%         4

Your spell library contained the following spells:

 Spells                   Type           Power      Damage    Failure   Level


Dungeon Overview and Level Annotations

Branches:
Dungeon (1/1)

Altars:
Sif Muna
Vehumet
Wu Jian


Innate Abilities, Weirdness & Mutations

You are a creature of crystalline ice.
You have a powerful freezing melee attack.
You are amphibious.
Your maximum health is increased.
Your armour is entirely melded.
You are incapable of wielding weapons or throwing items.
((Your plain brown scales are hard. (AC +5)))
You cannot fit into any form of body armour.
((You are cold-blooded and may be slowed by cold attacks.))


Message History

Orders for allies: a - Attack new target. r - Retreat! s - Stop attacking. g - Guard the area. f - Follow me.
Anything else - Cancel.
Okay, then.
There is an open door here.
Things that are here:
a +0 giant club; an ogre skeleton Your transformation has ended.
There is an open door, spattered with blood here.
Things that are here:
a +0 club; a +0 scale mail Blink to where?
Press: ? - help, Dir - move target
As you read the scroll of blinking, it crumbles to dust.
A jelly is nearby!
There's nothing to close nearby.
A jelly is nearby!
There's nothing to close nearby.
A jelly is nearby!
There's nothing to close nearby.
Unknown command.
You close the door, pushing everything out of the way.
Things that are here:
a +0 scale mail; a +0 club You hear a slurping noise.
The jelly eats the door!
Casting: Spider Form (dangerous; 5% risk of failure)
Confirm with . or Enter, or press ? or * to list all spells.
The spell is quite dangerous to miscast (19% risk of failure)!
Continue anyway?
You turn into a creature of crystalline ice.
The jelly hits you.
* * * LOW HITPOINT WARNING * * *
The acid corrodes you!
You are splashed with acid!
* * * LOW HITPOINT WARNING * * *
Unknown command.
You hit the jelly but do no damage.
Your front paws burn!
* * * LOW HITPOINT WARNING * * *
The jelly hits you.
You die...

################
#<.#.)'..#.)'..#
#...JY#..'..#..+
#..#####'#####'#
#..# #..# #!#
#..# #### #$#
#..# #_.+ #⌠⌠#
..._# ####
#_.#+# ##+


You could see a jelly.

Vanquished Creatures
  Sigmund (D)
  An ogre (D)
  Ijyb (D)
3 creatures vanquished.

Notes
Turn   | Place    | Note
-------+----------+-------------------------------------------
     0 | D        | Zeld the Draconian Transmuter began the quest for the Orb.
     0 | D        | Reached XP level 1. HP: 16/16 MP: 3/3
     2 | D        | Noticed Ijyb
    18 | D        | Killed Ijyb
    19 | D        | Reached XP level 2. HP: 19/25 MP: 2/6
    56 | D        | Learned a level 2 spell: Wereblood
   359 | D        | Noticed an ogre
   363 | D        | Killed an ogre
   364 | D        | Reached skill level 5 in Spellcasting
   364 | D        | Reached XP level 3. HP: 16/34 MP: 6/10
   364 | D        | Reached XP level 4. HP: 20/41 MP: 6/11
   368 | D        | Learned a level 3 spell: Spider Form
   373 | D        | Learned a level 4 spell: Ice Form
   576 | D        | Noticed Sigmund
   589 | D        | Killed Sigmund
   590 | D        | Reached skill level 5 in Fighting
   590 | D        | Reached XP level 5. HP: 22/50 MP: 9/14
   774 | D        | Found an ornate altar of the Wu Jian Council.
   774 | D        | Found a shimmering blue altar of Sif Muna.
   776 | D        | Found a radiant altar of Vehumet.
   804 | D        | HP: 1/60 [acid (4)]
   804 | D        | Slain by a jelly

Illustrated notes

Levels and vault maps discovered:
D:        dungeon_sprint_1 [red_sonja_temple_1, red_sonja_temple_small_1]

Skill      XL: |  1  2  3  4 |
---------------+-------------+-----
Fighting       | 2 4 5 |  5.6
Spellcasting   | 3 5 7 |  7.0
Transmutations | 4 6 7 |  7.9
Ice Magic      | 2 |  2.0
Poison Magic   | 2 |  2.0
Dodging        | |  1.7
Unarmed Combat | |  3.0

Action                   |  1- 3 |  4- 6 || total
-------------------------+-------+-------++-------
Melee: Unarmed           |    14 |    11 ||    25
       Kick              |     2 |       ||     2
       Tailslap          |     2 |       ||     2
       Headbutt          |     1 |       ||     1
 Cast: Beastly Appendage |     3 |       ||     3
       Spider Form       |       |     2 ||     2
       Ice Form          |       |     1 ||     1
Evoke: Wand              |     2 |       ||     2
  Use: Potion            |     1 |       ||     1
       Scroll            |       |     1 ||     1
Armor: Skin              |     1 |       ||     1
Dodge: Dodged            |     7 |     7 ||    14
